 Dungeon Crawl Stone Soup version 0.31.0-10-gcf4a605ca0 (webtiles) character file.

Game seed: 2118347290381072260

12952 monsoonserge the Cleaver (level 12, 0/96 HPs)
             Began as a Hill Orc Necromancer on Jan 25, 2024.
             Was a Believer of Kikubaaqudgha.
             Slain by a minotaur
             ... wielding the +5 quarterstaff "monsoonserge's Death" {chaos, Dex+2}
              (6 damage)
             ... in a Gauntlet.
             The game lasted 01:19:30 (13679 turns).

monsoonserge the Cleaver (Hill Orc Necromancer)    Turns: 13679, Time: 01:19:31

Health: 0/96       AC: 15    Str: 12    XL:     12   Next: 0%
Magic:  0/17       EV: 12    Int: 19    God:    Kikubaaqudgha [**....]
Gold:   529        SH:  9    Dex: 11    Spells: 5/18 levels left

rFire   . . .        M - +4 hand axe
rCold   . . .        L - +0 buckler
rNeg    + . .        N - +1 acid dragon scales
rPois   +            P - +0 hat of Dithmenos's Grace {rN+ Regen+ SInv}
rElec   .            o - +0 cloak
rCorr   +            G - +1 Delatra's gloves {ID++}
SInv    +            i - +2 pair of boots
Will    .....        n - amulet of reflection
Stlth   +            K - ring of poison resistance
HPRegen 1.16/turn    O - ring of wizardry
MPRegen 0.15/turn

%: no teleportation, reflection, wizardry (x1)
@: weakened
A: no striking features
a: Renounce Religion, Unearth Wretches


You were in a Gauntlet.
You worshipped Kikubaaqudgha.
Kikubaaqudgha was pleased with you.
You visited 4 branches of the dungeon, and saw 14 of its levels.
You also visited: Gauntlet.

You collected 529 gold pieces.

Inventory:

Hand Weapons
 H - the +5 demon whip "Spellbinder" {antimagic, disrupt, Will+}
   (You found it on level 9 of the Dungeon)

   Will+:     It increases your willpower.
 M - a +4 hand axe (weapon)
Missiles
 x - 5 boomerangs
 y - 2 datura-tipped darts
 E - 5 javelins
 F - 19 poisoned darts (quivered)
Armour
 i - a +2 pair of boots (worn)
 o - a +0 cloak (worn)
 C - a +0 ring mail of poison resistance
 G - the +1 Delatra's gloves (worn) {ID++}
   (You found it on level 5 of the Dungeon)

   ID++:      It heals its wearer when they drink unknown potions, and restores
   their MP when they read unknown scrolls.
 L - a +0 buckler (worn)
 N - +1 acid dragon scales (worn)
 P - the +0 hat of Dithmenos's Grace (worn) {rN+ Regen+ SInv}
   (You found it in a Gauntlet)

   rN+:       It protects you from negative energy.
   SInv:      It lets you see invisible.
   Regen+:    It increases your rate of health regeneration.
 S - the +0 pair of boots of Acvorphiv {Regen+}
   (You found it in a Gauntlet)

   Regen+:    It increases your rate of health regeneration.
Jewellery
 n - an amulet of reflection (around neck)
 z - the ring "Esmac" {Fly rPois rF- Will+}
   (You found it in a Gauntlet)

   [ring of willpower]

   rF-:       It makes you vulnerable to fire.
   rPois:     It protects you from poison Will+: It increases your willpower.
   Fly:       It grants you flight.
 K - a ring of poison resistance (left hand)
 O - a ring of wizardry (right hand)
Wands
 A - a wand of digging (3)
 D - a wand of flame (33)
Scrolls
 d - a scroll of blinking {unknown}
 e - a scroll of identify
 g - 2 scrolls of enchant armour
 k - 2 scrolls of revelation {unknown}
 l - 5 scrolls of teleportation
 m - 2 scrolls of enchant weapon
 p - a scroll of poison {unknown}
 r - 2 scrolls of brand weapon
 t - a scroll of vulnerability {unknown}
 u - 2 scrolls of summoning
 w - a scroll of noise {unknown}
 B - 2 scrolls of immolation {unknown}
 J - a scroll of fog {unknown}
Potions
 a - 2 potions of mutation
 b - 2 potions of magic
 c - 2 potions of berserk rage
 f - a potion of lignification
 h - 4 potions of heal wounds
 j - 5 potions of curing
 q - a potion of enlightenment
 s - a potion of brilliance
 v - a potion of cancellation
 Q - a potion of ambrosia


   Skills:
 + Level 6.2 Fighting
 - Level 3.5 Short Blades
 + Level 13.8 Axes
 + Level 1.4(7.6) Maces & Flails
 + Level 2.3 Throwing
 + Level 6.1 Armour
 + Level 5.3 Dodging
 - Level 2.0 Stealth
 * Level 1.3 Shields
 + Level 3.8 Spellcasting
 + Level 10.5 Necromancy


You had 5 spell levels left.
You knew the following spells:

 Your Spells              Type           Power      Damage    Failure   Level
a - Necrotise             Necr           100%       1d9       1%          1
b - Vampiric Draining     Necr           43%        2d9       1%          3
c - Animate Dead          Necr           43%        N/A       1%          4
d - Fugue of the Fallen   Necr           43%        N/A       1%          3
e - Sublimation of Blood  Necr           43%        N/A       1%          2

Your spell library contained the following spells:

 Spells                   Type           Power      Damage    Failure   Level
 Kiss of Death            Conj/Necr      92%        2d12      1%          1
 Cigotuvi's Dreadful Rot  Necr/Alch/Air  34%        N/A       4%          2
 Curse of Agony           Necr           43%        N/A       4%          5
 Anguish                  Hex/Necr       11%        N/A       13%         4
 Volatile Blastmotes      Fire/Tloc      6%         2d10      32%         3
 Cause Fear               Hex            1%         N/A       71%         4
 Fulminant Prism          Conj/Alch      1%         3d5       71%         4
 Iskenderun's Mystic Bla  Conj/Tloc      3%         2d3       71%         4
 Petrify                  Alch/Erth      3%         N/A       71%         4
 Summon Blazeheart Golem  Fire/Summ      3%         N/A       71%         4
 Irradiate                Conj/Alch      1%         3d12      95%         5
 Enfeeble                 Hex            1%         N/A       100%        7
 Orb of Destruction       Conj           1%         9d5       100%        7
 Spellforged Servitor     Conj/Summ      1%         N/A       100%        7


Dungeon Overview and Level Annotations

Branches:
Dungeon (11/15)            Temple (1/1) D:7            Lair (1/5) D:8
    Orc (1/2) D:10        Gauntlet (1/1)

Altars:
Ashenzari
Cheibriados
Dithmenos
Elyvilon
Fedhas
Gozag
Hepliaklqana
Kikubaaqudgha
Makhleb
Nemelex Xobeh
Okawaru
Qazlal
Ru
Sif Muna
Trog
Uskayaw
Vehumet
Wu Jian
Xom
Yredelemnul
Zin
The Shining One

Shops:
D:2 (   Orc:1 [

Annotations:
D:11 3 runed translucent doors, DeltaZero's ghost, journeyman GnSh; DoNotCum's ghost, journeyman DECj; Kazon's ghost, journeyman OpSh; ggggg's ghost, journeyman DrAE Gauntlet 8 transporters, exclusion: obsidian statue


Message History

You draw life force from the minotaur.
You feel life coursing into your body.
The minotaur hits you but does no damage.
The minotaur gores you but does no damage.
Casting: Vampiric Draining (safe; 1% risk of failure)
Confirm with . or Enter, or press ? or * to list all spells.
Aiming: Vampiric Draining (safe; 1% risk of failure)
Press: ? - help, Shift-Dir - straight line, f/p - minotaur
Aim: a minotaur, wielding the +5 quarterstaff "monsoonserge's Death" {chaos, Dex+2}, wearing a +0 chain mail and quivering javelins (lightly wounded)
You draw life force from the minotaur!
You feel life coursing into your body!
The minotaur hits you with the +5 quarterstaff "monsoonserge's Death" {chaos, Dex+2}!!
The minotaur draws strength from your wounds!
The minotaur closely misses you.
As you read the scroll labelled JYMIUHOAWI, it crumbles to dust.
It is a scroll of enchant armour.
Your +0 acid dragon scales glow green for a moment.
The energy of discovery flows from your fingertips!
Magic courses through your body.
The minotaur hits you with the +5 quarterstaff "monsoonserge's Death" {chaos, Dex+2}!!
* * * LOW HITPOINT WARNING * * *
You feel your power leaking away. The minotaur gores you.
* * * LOW HITPOINT WARNING * * *
Casting: Vampiric Draining (safe; 1% risk of failure)
Confirm with . or Enter, or press ? or * to list all spells.
Aiming: Vampiric Draining (safe; 1% risk of failure)
Press: ? - help, Shift-Dir - straight line, f/p - minotaur
Aim: a minotaur, wielding the +5 quarterstaff "monsoonserge's Death" {chaos, Dex+2}, wearing a +0 chain mail and quivering javelins (lightly wounded)
You draw life force from the minotaur!
You feel life coursing into your body. The minotaur misses you.
You block the minotaur's attack.
Casting: Vampiric Draining (safe; 1% risk of failure)
Confirm with . or Enter, or press ? or * to list all spells.
Aiming: Vampiric Draining (safe; 1% risk of failure)
Press: ? - help, Shift-Dir - straight line, f/p - minotaur
Aim: a minotaur, wielding the +5 quarterstaff "monsoonserge's Death" {chaos, Dex+2}, wearing a +0 chain mail and quivering javelins (moderately wounded)
You draw life force from the minotaur!
You feel life coursing into your body.
The minotaur hits you with the +5 quarterstaff "monsoonserge's Death" {chaos, Dex+2}!!
* * * LOW HITPOINT WARNING * * *
The minotaur freezes you.
You die...
Kikubaaqudgha rasps: "You have failed me!
Welcome... death!"

8??©.[.#.#.).©=52#.#...©##.#..##
########.#########.#########..§#
..........................§...##
...........8.∩.8..........§...§#
§#≈#≈#§#############≈#§#≈#§#≈###
#########.........############
#...©.©.©...## #.............#
#.##.##.##@##.# #. #.##.##H# .#
....H.......# .##.##.##.### # #.
.# .. . '## #. . .# # #


You could see a minotaur.

Vanquished Creatures
  A ghost crab (Gauntlet)
  A two-headed ogre (D:7)
  A tengu warrior (Gauntlet)
  An apocalypse crab (Gauntlet)
  A rime drake (Lair:1)
  A cane toad (Lair:1)
  A kobold demonologist (D:10)
  2 tengu conjurers (Gauntlet)
  A polar bear (Lair:1)
  2 trolls (D:10)
  2 wyverns
  A wraith (D:11)
  12 yaks
  2 steam dragons (D:9)
  2 basilisks (Lair:1)
  2 acid dragons (D:10)
  3 water moccasins
  6 orc warriors
  2 sky beasts
  An ice beast (D:5)
  A black bear (D:5)
  An ogre (D:6)
  A centaur (D:9)
  2 phantoms (D:7)
  3 kobold brigands
  Blork the orc (D:5)
  8 bullfrogs
  7 scorpions
  8 wights
  4 killer bees (D:9)
  A lava snake (D:7)
  7 jellies
  5 hounds
  3 orc priests
  Jessica (D:3)
  6 iguanas
  12 orc wizards
  Robin (D:2)
  7 adders
  A shadow imp (D:7)
  A white imp (D:8)
  3 dart slugs
  2 ribbon worms
  23 orcs
  5 ball pythons
  6 bats
  5 endoplasms
  5 giant cockroaches
  16 goblins
  12 hobgoblins
  6 jackals
  5 quokkas
  10 frilled lizards
  26 kobolds
  5 rats
255 creatures vanquished.

Vanquished Creatures (collateral kills)
  A two-headed ogre (D:10)
  6 yaks
  A wyvern (D:8)
  2 orcs (D:9)
  An endoplasm (D:1)
  A goblin (D:2)
  A jackal (D:1)
  4 frilled lizards (D:1)
17 creatures vanquished.

Vanquished Creatures (others)
  5 yak zombies (D:10)
  A centaur zombie (D:9)
  2 killer bee zombies (D:9)
  8 orc zombies
16 creatures vanquished.

Grand Total: 288 creatures vanquished

Notes
Turn   | Place    | Note
-------+----------+-------------------------------------------
     0 | D:1      | monsoonserge the Hill Orc Necromancer began the quest for
                  | the Orb.
     0 | D:1      | Reached XP level 1. HP: 14/14 MP: 3/3
    41 | D:1      | Reached XP level 2. HP: 10/20 MP: 0/4
   406 | D:1      | Reached XP level 3. HP: 23/26 MP: 2/5
   519 | D:1      | You fall into a shaft and drop 1 floor!
   522 | D:2      | Found Luojasm's Antique Weapon Shoppe.
   561 | D:2      | Learned a level 3 spell: Vampiric Draining
  1272 | D:2      | Reached XP level 4. HP: 31/34 MP: 4/7
  2007 | D:3      | Noticed Jessica
  2022 | D:3      | Killed Jessica
  2023 | D:3      | Reached skill level 5 in Necromancy
  2023 | D:3      | Reached XP level 5. HP: 18/39 MP: 1/8
  2159 | D:3      | Noticed Robin
  2184 | D:2      | Killed Robin
  2197 | D:2      | Learned a level 4 spell: Animate Dead
  2259 | D:3      | Reached skill level 1 in Maces & Flails
  2512 | D:3      | Reached skill level 1 in Armour
  2699 | D:3      | Reached XP level 6. HP: 44/46 MP: 6/9
  3088 | D:4      | Found a stormy altar of Qazlal.
  3377 | D:4      | Reached skill level 1 in Fighting
  3422 | D:4      | Found a broken altar of Ashenzari.
  3880 | D:5      | Entered Level 5 of the Dungeon
  4061 | D:5      | Noticed a black bear
  4167 | D:5      | Reached XP level 7. HP: 44/52 MP: 11/11
  4200 | D:5      | Noticed Blork the orc
  4244 | D:5      | Killed Blork the orc
  4245 | D:5      | Reached skill level 1 in Short Blades
  4673 | D:5      | Reached XP level 8. HP: 60/60 MP: 8/12
  4714 | D:5      | Found the +1 Delatra's gloves {ID++}
  4719 | D:5      | Found a bloodstained altar of Trog.
  5119 | D:6      | Reached skill level 1 in Throwing
  5176 | D:6      | Reached skill level 1 in Axes
  5756 | D:7      | Noticed a two-headed ogre
  5910 | D:7      | Reached skill level 2 in Axes
  6292 | D:7      | Reached XP level 9. HP: 65/68 MP: 13/13
  6327 | D:7      | Reached skill level 3 in Axes
  6464 | D:7      | Found a staircase to the Ecumenical Temple.
  6478 | Temple   | Entered the Ecumenical Temple
  6487 | Temple   | Became a worshipper of Kikubaaqudgha
  6786 | D:7      | Reached skill level 4 in Axes
  7299 | D:7      | Killed a two-headed ogre
  7300 | D:7      | Reached skill level 6 in Axes
  7750 | D:8      | Found a burning altar of Makhleb.
  7792 | D:8      | Found a hazy altar of Hepliaklqana.
  7966 | D:8      | Reached skill level 7 in Axes
  7967 | D:8      | Reached XP level 10. HP: 63/78 MP: 10/14
  7976 | D:8      | Reached skill level 8 in Axes
  8093 | D:8      | Found a staircase to the Lair.
  8108 | D:8      | Reached skill level 9 in Axes
  8488 | D:9      | Found the +5 demon whip "Spellbinder" {antimagic, disrupt,
                  | Will+}
  8635 | D:9      | Reached * piety under Kikubaaqudgha
  8635 | D:9      | Received a gift from Kikubaaqudgha
  8640 | D:9      | Learned a level 3 spell: Fugue of the Fallen
  8815 | D:9      | Found an iron altar of Okawaru.
  8878 | D:9      | Reached skill level 5 in Armour
  8901 | D:9      | Reached skill level 10 in Axes
  9530 | D:10     | Entered Level 10 of the Dungeon
  9749 | D:10     | Found a staircase to the Orcish Mines.
 10125 | D:10     | Reached skill level 11 in Axes
 10401 | D:10     | Reached XP level 11. HP: 64/85 MP: 12/15
 10431 | D:10     | Reached skill level 12 in Axes
 10435 | D:10     | Reached skill level 5 in Fighting
 10613 | D:10     | Noticed a two-headed ogre
 11166 | D:10     | Killed a two-headed ogre
 11167 | D:10     | Reached skill level 10 in Necromancy
 11445 | Orc:1    | Entered Level 1 of the Orcish Mines
 11445 | Orc:1    | Found Jiqec's Antique Armour Boutique.
 11520 | D:10     | Reached ** piety under Kikubaaqudgha
 11840 | Orc:1    | Noticed an orc high priest
 11931 | D:11     | Reached skill level 13 in Axes
 11948 | D:11     | Learned a level 2 spell: Sublimation of Blood
 12006 | D:11     | Noticed a manticore
 12272 | D:11     | Found a runed translucent gate.
 12272 | D:11     | Found a runed translucent gate.
 12272 | D:11     | Noticed Kazon's ghost (journeyman OpSh)
 12274 | D:11     | Found a runed translucent gate.
 12274 | D:11     | Noticed DoNotCum's ghost (journeyman DECj)
 12274 | D:11     | Noticed ggggg's ghost (journeyman DrAE)
 12274 | D:11     | Noticed DeltaZero's ghost (journeyman GnSh)
 12414 | Lair:1   | Entered Level 1 of the Lair of Beasts
 12446 | Lair:1   | Reached skill level 5 in Dodging
 12636 | Lair:1   | Found a gate leading to a gauntlet.
 12651 | Gauntlet | Entered a Gauntlet
 12651 | Gauntlet | Noticed an arcanist
 12651 | Gauntlet | Found a transporter.
 12651 | Gauntlet | Found a transporter.
 12883 | Gauntlet | Found a transporter.
 12919 | Gauntlet | Noticed a tengu warrior
 12921 | Gauntlet | Found a transporter.
 12923 | Gauntlet | Found a transporter.
 12923 | Gauntlet | Found a transporter.
 12926 | Gauntlet | Found a transporter.
 12965 | Gauntlet | Found a transporter.
 12966 | Gauntlet | Found a transporter.
 12966 | Gauntlet | Found a transporter.
 12968 | Gauntlet | Noticed a ghost crab
 13038 | Gauntlet | Found a transporter.
 13044 | Gauntlet | Noticed a blizzard demon
 13052 | Gauntlet | Found a transporter.
 13052 | Gauntlet | Noticed an obsidian statue
 13068 | Gauntlet | Found a transporter.
 13081 | Gauntlet | Found a transporter.
 13162 | Gauntlet | Killed a tengu warrior
 13289 | Gauntlet | Identified the +0 hat of Dithmenos's Grace {rN+ Regen+
                  | SInv}
 13341 | Gauntlet | Noticed a spectral bunyip
 13351 | Gauntlet | Killed a ghost crab
 13352 | Gauntlet | Reached skill level 1 in Shields
 13497 | Gauntlet | Identified the +0 pair of boots of Acvorphiv {Regen+}
 13562 | Gauntlet | HP: 4/87 [apocalypse crab (12)]
 13566 | Gauntlet | Reached XP level 12. HP: 33/96 MP: 7/17
 13574 | Gauntlet | Identified the ring "Esmac" {Fly rPois rF- Will+}
 13664 | Gauntlet | Identified the +5 quarterstaff "monsoonserge's Death"
                  | {chaos, Dex+2}
 13664 | Gauntlet | Noticed a minotaur
 13679 | Gauntlet | Slain by a minotaur

Illustrated notes

Levels and vault maps discovered:
D:1:      spicycebolla_arrival_xxxplode, layout_basic, minmay_lizard_king
D:2:      layout_loops_ring, serial_shops, shop
D:3:      layout_rooms, uniq_jessica, uniq_robin
D:4:      layout_gridville, mainiacjoe_overflow_brackets,
          mainiacjoe_overflow_alcove_4, grunt_ministairs_14,
          minmay_misc_feat_plants
D:5:      layout_basic, bloody_trog, uniq_blork_the_orc
D:6:      layout_loops_ring
D:7:      layout_loops_corners, minmay_temple_entry_arrows,
          kennysheep_pointless_box
D:8:      layout_rooms, mainiacjoe_overflow_catch_the_wave,
          minmay_lair_entry_grove
D:9:      layout_loops_corners, okawaru_metal_pillars_1_2
D:10:     layout_grid_maze, orc_0_dummy
D:11:     layout_roguey, gammafunk_ghost_cemetery
Temple:   eino_temple_scatter_basement
Lair:1:   layout_long_grid, gauntlet_entry_generic, infiniplex_staircase_pool,
          grunt_megastairs_5, uniq_joseph
Orc:1:    layout_caves, serial_shops, shop, uniq_nergalle
Gauntlet: gammafunk_gauntlet_mixed_choke_point [minmay_gauntlet_arena_77_mess,
          minmay_gauntlet_arena_77_block_sizes, minmay_gauntlet_arena_77_braids,
          nicolae_gauntlet_arena_quarters, minmay_gauntlet_arena_77_two_paths,
          minmay_gauntlet_arena_77_box, minmay_gauntlet_arena_77_two_lines,
          gauntlet_exit_green]

Skill      XL: |  1  2  3  4  5  6  7  8  9 10 11 |
---------------+----------------------------------+-----
Spellcasting   | 2 3 |  3.8
Stealth        | 2 |  2.0
Necromancy     | 5 6 7 8 9 10 | 10.5
Maces & Flails | 1 |  1.4
Armour         | 1 2 3 4 5 6 |  6.1
Dodging        | 2 3 4 5 |  5.3
Fighting       | 1 2 3 4 6 |  6.2
Short Blades   | 2 3 |  3.5
Throwing       | 1 2 |  2.3
Axes           | 2 7 11 13 | 13.8
Shields        | 1 |  1.3

Action                     |  1- 3 |  4- 6 |  7- 9 | 10-12 || total
---------------------------+-------+-------+-------+-------++-------
  Melee: Whip              |    71 |   120 |       |       ||   191
         Dagger            |       |    68 |   136 |       ||   204
         Punch             |       |     1 |     4 |     5 ||    10
         Hand axe          |       |       |   183 |   476 ||   659
  Throw: Boomerang         |       |     1 |    17 |     4 ||    22
         Dart              |       |       |     2 |    17 ||    19
   Cast: Necrotise         |    52 |    38 |    20 |     2 ||   112
         Vampiric Draining |       |    12 |    30 |    47 ||    89
         Animate Dead      |       |       |     2 |     5 ||     7
         Fugue of the Fall |       |       |       |     4 ||     4
         Sublimation of Bl |       |       |       |     1 ||     1
    Use: Scroll            |       |     5 |     1 |     2 ||     8
         Potion            |       |       |     2 |     8 ||    10
   Stab: Sleeping          |     3 |     2 |     3 |       ||     8
         Distracted        |       |     2 |       |     4 ||     6
         Confused          |       |       |       |     1 ||     1
 Armour: Robe              |    39 |    28 |       |       ||    67
         Leather armour    |       |    65 |   162 |       ||   227
         Ring mail         |       |       |    35 |   125 ||   160
         Acid dragon scale |       |       |       |   372 ||   372
  Dodge: Dodged            |    68 |   102 |   169 |   254 ||   593
  Block: Other             |     6 |    38 |    68 |   102 ||   214
         Reflection        |       |     1 |     2 |     3 ||     6
         Buckler           |       |       |       |    18 ||    18
